AoeStats
← ITA | MarknighT

Arabia

507925895Analyzed
1v1 RM · 13d ago on Sep 20, 2026· 27m 28s· 2 players
Game mode
Random Map
Map size
Tiny (2 player)
Population
200
Speed
Normal
Resources
Standard
Victory
Conquest
Starting age
Dark Age
Ending age
Imperial Age
RankedLock teamsTeams togetherTeam positionsShared explorationLock speedFull tech treeHidden civsTurbo modeCheats
Victory
Defeat
🇮🇹 Aztecs · Italy
1986
+12
🇨🇳 Mapuche · China
1893
-12
啊这
5:30 Loom
9:21 Feudal Age
11:07 Double-Bit Axe
16:27 Fletching
21:47 Castle Age
21:21 Padded Archer Armor
23:06 Horse Collar
25:54 Elite Skirmisher
ITA | MarknighT
6:10 Loom
8:50 Feudal Age
9:03 Man-at-Arms
12:12 Double-Bit Axe
14:21 Fletching
15:42 Scale Mail Armor
17:38 Arson
21:55 Castle Age
20:27 Gold Mining
20:17 Horse Collar
22:59 Chain Mail Armor
23:01 Bow Saw
23:29 Squires
23:24 Eagle Warrior
24:02 Bodkin Arrow
24:51 Crossbowman
Connection lost

Rejoining the realm…

Still unreachable

The connection could not be restored.

Session expired

The server has moved on; the page needs a fresh start.